cohdb
Replays
Latest Replays
All Replays
Popular Replays
Top Player Replays
Match Explorer
How It Works
Community
CoH3 Stats
Reddit
Sign in to upload your games and track your stats! →
Sign in with Steam
We somehow won against rank 57th??
Match 26344700
Overview
Messages
Build Orders
End
Kradschützen Motorcycle Team
Panzergrenadier Squad
Panzergrenadier Squad
250 Light Carrier
Construct Light Support Kompanie
Combat Half-tracks
Assault Grenadier Squad
Construct Mechanized Kompanie
Panzerjäger Mechanized Group
Construct Mechanized Kompanie
8 Rad Armored Car
2.5-tonne Medical Truck
Selects Battlefield Espionage Battlegroup
Selects 250/3 Funkpanzerwagen
Selects Sector Subterfuge Beacon
Selects Plunder
Veteran Squad Leaders
Panzerjäger Squad
Panzerjäger Squad
Construct Panzerarmee Kommand
Selects Advanced Ambush Training
Selects Firestorm
Firestorm
KoRneY
Positive Pete
Dima
INTEL
YangXYZ
myroor
0
0
Comments
sign in to comment!
No comments posted yet!